Construct Infanterie Kompanie
Selects Luftwaffe Battlegroup
Selects Luftwaffe Pioneer Support
Fallschirmpioneer Squad Paradrop
Construct Panzergrenadier Kompanie
Selects LG40 Recoilless Gun Paradrop
Selects Reconnaissance Run
Selects Fallschirmjäger Squad Paradrop
Fallschirmjäger Squad Paradrop
Panzergrenadier Officer Quarters
Pak 40 Anti-tank Gun Team
Fallschirmjäger Squad Paradrop
Construct Panzer Kompanie
Selects Flak 38 Anti-Air Emplacement
Selects Infantry Reserves
Fallschirmjäger Squad Paradrop
Selects Fragmentation Bombs
Fallschirmjäger Squad Paradrop